 Dungeon Crawl Stone Soup version 0.25-a0-937-gcfae464cf3 (webtiles) character file.

Game seed: 3016612636041977861, levelgen mode: deterministic

1626 tsouns the Spear-Bearer (level 8, 0/89 HPs)
             Began as an Ogre Gladiator on May 5, 2020.
             Was a Believer of Qazlal.
             Slain by an ice beast (1 damage)
             ... on level 6 of the Dungeon.
             The game lasted 00:09:59 (4899 turns).

tsouns the Spear-Bearer (Ogre Gladiator)            Turns: 4899, Time: 00:10:00

Health: 0/89       AC:  7    Str: 19    XL:     8   Next: 97%
Magic:  10/10      EV: 10    Int: 11    God:    Qazlal [**....]
Gold:   227        SH:  2    Dex: 10    Spells: 7/7 levels left

rFire    . . .     SeeInvis .   a - +1 trident
rCold    . . .     Gourm    .   (no shield)
rNeg     . . .     Faith    .   o - +2 troll leather armour {Purgy}
rPois    .         Spirit   .   c - +0 hat
rElec    .         Reflect  .   (no cloak)
rCorr    .         Harm     .   (gloves unavailable)
MR       .....                  (boots unavailable)
Stlth    +.........             (no amulet)
HPRegen  0.64/turn              (no ring)
MPRegen  0.12/turn              (no ring)

@: mighty
A: large, unfitting armour, tough skin 1
a: Upheaval, Renounce Religion


You were on level 6 of the Dungeon.
You worshipped Qazlal.
Qazlal was pleased with you.
You were hungry.

You visited 1 branch of the dungeon, and saw 6 of its levels.

You collected 227 gold pieces.

Inventory:

Hand Weapons
 a - a +1 trident (weapon)
 p - a +0 glaive
Missiles
 e - 9 boomerangs
 q - a throwing net (quivered)
Armour
 c - a +0 hat (worn)
 o - a +2 troll leather armour (worn) {Purgy}
Wands
 u - a wand of enslavement (14)
Scrolls
 h - 2 scrolls of remove curse
 i - 2 scrolls of enchant weapon
 r - a scroll of teleportation
Potions
 g - 2 potions of haste
 j - a potion of invisibility
 m - a potion of flight
 n - 3 potions of stabbing
 t - a potion of ambrosia {unknown}
Comestibles
 b - 4 chunks of flesh
 f - 11 rations


   Skills:
 + Level 8.4 Fighting
 * Level 9.2 Polearms
 - Level 2.0 Throwing
 - Level 2.6 Dodging
 + Level 3.0 Invocations


You had 7 spell levels left.
You didn't know any spells.
Your spell library contained the following spells:

 Spells                   Type           Power        Failure   Level  Hunger
 Foxfire                  Conj/Fire      #...         38%         1    ##.....
 Conjure Flame            Conj/Fire      #.......     77%         3    ####...
 Inner Flame              Hex/Fire       #.......     77%         3    ####...
 Sticky Flame             Conj/Fire      #.......     99%         4    #####..
 Fireball                 Conj/Fire      #.........   100%        5    ######.


Dungeon Overview and Level Annotations

Branches:
Dungeon (6/15)
 Temple: D:4-7

Altars:
Elyvilon
Gozag
Qazlal
Vehumet
Wu Jian

Shops:
D:5 *


Innate Abilities, Weirdness & Mutations

You are too large for most types of armour.
You have tough skin. (AC +1)


Message History

* * * LOW HITPOINT WARNING * * *
You puncture the ice beast!
The ice beast is moderately wounded.
The ice beast hits you.
* * * LOW HITPOINT WARNING * * *
The ice beast freezes you!
* * * LOW HITPOINT WARNING * * *
You puncture the ice beast!
The ice beast is severely wounded.
You barely miss the ice beast.
The ice beast is severely wounded.
The ice beast hits you.
* * * LOW HITPOINT WARNING * * *
The ice beast freezes you.
* * * LOW HITPOINT WARNING * * *
Unknown command.
You puncture the ice beast!
The ice beast is almost dead.
The ice beast hits you.
You die...

#.####.#
#......#
#.###### #.###
#######...#
........#.#
######....# #
#....)##.####.
##....@Y......
##.####.###..
#.# # #.# #+#


You could see an ice beast.

Vanquished Creatures
  Pikel (D:4)
  Sigmund (D:3)
  Menkaure (D:5)
  A sky beast (D:5)
  Purgy (D:3)
  2 ice beasts
  Blork the orc (D:5)
  A howler monkey (D:4)
  2 hounds
  A centaur skeleton (D:4)
  An iguana (D:5)
  2 worker ants
  Natasha (twice) (D:3)
  10 gnolls
  5 adders
  3 leopard geckos
  9 orcs
  A giant cockroach (D:1)
  6 goblins
  7 hobgoblins
  4 jackals
  3 ball pythons
  2 ball python skeletons (D:4)
  7 bats
  8 frilled lizards
  4 kobolds
  A quokka skeleton (D:5)
  3 rats (D:1)
90 creatures vanquished.

Vanquished Creatures (others)
  A slave (D:4)
  A phantom (D:4)
  An ogre (D:4)
  A worker ant (D:4)
  2 jackals (D:4)
  2 ball pythons (D:4)
  A plant (D:4)
9 creatures vanquished.

Grand Total: 99 creatures vanquished

Notes
Turn   | Place    | Note
-------+----------+-------------------------------------------
     0 | D:1      | tsouns the Ogre Gladiator began the quest for the Orb.
     0 | D:1      | Reached XP level 1. HP: 22/22 MP: 1/1
   240 | D:1      | Reached XP level 2. HP: 31/31 MP: 2/2
  1661 | D:2      | Reached XP level 3. HP: 36/37 MP: 3/3
  2087 | D:3      | Reached skill level 4 in Polearms
  2119 | D:3      | Reached XP level 4. HP: 31/48 MP: 4/4
  2402 | D:3      | Noticed Natasha
  2415 | D:3      | Killed Natasha
  2415 | D:3      | Reached XP level 5. HP: 21/55 MP: 5/5
  2426 | D:3      | Found a stormy altar of Qazlal.
  2515 | D:3      | Noticed a water elemental
  2515 | D:3      | Noticed a fire elemental
  2515 | D:3      | Noticed an air elemental
  2520 | D:3      | Became a worshipper of Qazlal Stormbringer
  2691 | D:3      | Noticed Purgy
  2695 | D:3      | Killed Purgy
  2695 | D:3      | Reached skill level 5 in Fighting
  2695 | D:3      | Reached skill level 5 in Polearms
  2695 | D:3      | Noticed Sigmund
  2701 | D:3      | Killed Sigmund
  2701 | D:3      | Reached skill level 6 in Polearms
  2701 | D:3      | Reached XP level 6. HP: 58/66 MP: 6/6
  2969 | D:3      | Noticed Natasha
  2980 | D:3      | Killed Natasha
  3168 | D:4      | Noticed a slave
  3169 | D:4      | Noticed Pikel
  3169 | D:4      | Noticed a slave
  3170 | D:4      | Noticed a slave
  3170 | D:4      | Noticed a slave
  3172 | D:4      | Noticed a phantom
  3218 | D:4      | HP: 3/67 [slave[Pikel] (3)]
  3220 | D:4      | Killed Pikel
  3220 | D:4      | Reached skill level 7 in Polearms
  3220 | D:4      | Reached XP level 7. HP: 3/78 MP: 7/7
  3220 | D:4      | Reached XP level 8. HP: 3/87 MP: 8/8
  3463 | D:4      | Reached skill level 8 in Polearms
  3506 | D:4      | Reached * piety under Qazlal
  3926 | D:5      | Entered Level 5 of the Dungeon
  3983 | D:5      | Reached skill level 1 in Invocations
  4135 | D:5      | Noticed Menkaure
  4149 | D:5      | Killed Menkaure
  4441 | D:5      | Found an ornate altar of the Wu Jian Council.
  4441 | D:5      | Found a radiant altar of Vehumet.
  4444 | D:5      | Found a white marble altar of Elyvilon.
  4609 | D:5      | Found Gozag's Platinum Reserve.
  4609 | D:5      | Noticed Blork the orc
  4635 | D:5      | Found an opulent altar of Gozag.
  4675 | D:5      | Killed Blork the orc
  4675 | D:5      | Reached skill level 9 in Polearms
  4871 | D:6      | Reached ** piety under Qazlal
  4898 | D:6      | HP: 1/89 [ice beast (5)]
  4899 | D:6      | Slain by an ice beast

Levels and vault maps discovered:
D:1:      saegor_arrival_miasma, layout_basic, minmay_cut_off
D:2:      layout_basic
D:3:      layout_basic, nicolae_qazlal_style_of_elements, uniq_sigmund,
          uniq_purgy, uniq_natasha
D:4:      layout_cave_pools, serial_forest, infiniplex_forest_clump_curved,
          infiniplex_forest_end_3, infiniplex_forest_clump_medium,
          infiniplex_forest_end_3, infiniplex_forest_clump_large,
          infiniplex_forest_clump_long, infiniplex_forest_end_double,
          infiniplex_forest_end_2, infiniplex_forest_corner_2,
          minmay_close_crescents, uniq_pikel
D:5:      layout_rooms, gammafunk_temple_overflow_claw, serial_corexii_hall,
          corexii_hall_statues_x, corexii_hall_statues_l,
          corexii_hall_statues_t, corexii_hall_statues_u, first_ration,
          nicolae_gozag_zags_fifth_avenue, uniq_menkaure, uniq_blork_the_orc
D:6:      layout_loops_corners, minmay_temple_entry_metal_lava,
          portal_sewer_entry_a

Skill      XL: |  1  2  3  4  5  6  7  8 |
---------------+-------------------------+-----
Fighting       | 3 4 5 7 8 |  8.4
Polearms       | 4 6 7 9 |  9.2
Invocations    | 3 |  3.0
Throwing       | |  2.0
Dodging        | |  2.6

Action                   |  1- 3 |  4- 6 |  7- 9 || total
-------------------------+-------+-------+-------++-------
Melee: Trident           |   106 |    69 |   183 ||   358
       Glaive            |       |    41 |       ||    41
       Unarmed           |       |       |    17 ||    17
Throw: Throwing net      |       |     6 |     1 ||     7
  Use: Potion            |       |     2 |     1 ||     3
       Scroll            |       |       |    15 ||    15
 Stab: Sleeping          |       |     1 |       ||     1
  Eat: Chunk             |     3 |     4 |     2 ||     9
       Ration            |       |       |     1 ||     1
Armor: Robe              |    28 |     7 |       ||    35
       Troll leather arm |       |    15 |    45 ||    60
       Skin              |       |       |     1 ||     1
Dodge: Dodged            |    53 |    77 |    70 ||   200
Block: Other             |       |       |     6 ||     6

Table legend:
 A = Non-vault XP
 B = Vault XP
 C = Vault XP percentage of total XP
 D = Non-vault monster count
 E = Vault monster count
 F = Vault count percentage of total count
                 A         B        C        D         E       F
            +---------+---------+-------+---------+---------+-------
      Total |     963 |    1361 |  58.6 |      79 |      11 |  12.2
            +---------+---------+-------+---------+---------+-------
        D:1 |      24 |       4 |  14.3 |      15 |       3 |  16.7
        D:2 |      10 |       0 |   0.0 |       7 |       0 |   0.0
        D:3 |     182 |     376 |  67.4 |      23 |       3 |  11.5
        D:4 |     148 |     719 |  82.9 |      13 |       3 |  18.8
        D:5 |     460 |     262 |  36.3 |      19 |       2 |   9.5
        D:6 |     139 |       0 |   0.0 |       2 |       0 |   0.0
            +---------+---------+-------+---------+---------+-------
